[Event "Is Bankasi Online Satranc Turn 17-18 YAS"]
[Site "T#646243Mustafa Kemal"]
[Date "2020.05.22"]
[Round "7"]
[White "Orhanerenkarab68"]
[Black "Burakcanaksoz58"]
[Result "1-0"]
[WhiteElo "1575"]
[BlackElo "1652"]
[Annotator "NA RC"]
[PlyCount "65"]
[EventDate "2020.05.22"]
[EventType "swiss (blitz)"]
[TimeControl "180+2"]

1. e4 c5 2. Nf3 Nc6 3. c3 e6 4. Bb5 d5 5. exd5 exd5 6. d4 Nf6 7. O-O Be7 8. dxc5 O-O 9. Be3 Bg4 10. Nbd2 Ne5 11. Be2 Nxf3+ 12. Bxf3 Bxf3 13. Qxf3 Rc8 14. Nb3 Ne4 15. Rad1 a5 16. c4 Nxc5 17. Rxd5 Qb6 18. Qf5 g6 19. Qe5 Nd7 20. Qxe7 Qf6 21. Rxd7 Qxe7 22. Rxe7 Rxc4 23. Rxb7 a4 24. Nd2 Rc2 25. Ne4 Kg7 26. Bd4+ Kh6 27. Nd6 f5 28. Bg7+ Kh5 29. Bxf8 Rd2 30. Rxh7+ Kg5 31. f4+ Kf6 32. Re1 Rxd6 33. Be7# {[%emt 0:00:07] (Lag: Av=1.17s, max=2.3s)} 1-0

[Event "Is Bankasi Online Satranc Turn 17-18 YAS"]
[Site "T#646243Mustafa Kemal"]
[Date "2020.05.22"]
[Round "7"]
[White "Atahanbulut70"]
[Black "batuhantasagil42"]
[Result "0-1"]
[WhiteElo "1387"]
[BlackElo "1472"]
[Annotator "NA RC"]
[PlyCount "128"]
[EventDate "2020.05.22"]
[EventType "swiss (blitz)"]
[TimeControl "180+2"]

1. e4 e5 2. Nf3 Nc6 3. Nc3 Bb4 4. a3 Bxc3 5. bxc3 Nf6 6. h3 Nxe4 7. Qe2 d5 8. d3 Nxc3 9. Qe3 e4 10. Nd4 O-O 11. Bb2 Nxd4 12. Qxd4 Qf6 13. Bxc3 Qxd4 14. Bxd4 exd3 15. cxd3 Re8+ 16. Be2 Bd7 17. Kd2 b6 18. Rhe1 c5 19. Be3 d4 20. Bf4 Re7 21. Rac1 Rae8 22. Rc4 h6 23. a4 g5 24. f3 gxf4 25. a5 Bb5 26. Rc2 Ba4 27. Rc4 Bb5 28. Rc2 f6 29. axb6 axb6 30. Rb2 Bd7 31. Rxb6 Rg7 32. Ra6 Rxg2 33. Rxf6 Bxh3 34. Rxf4 Rf8 35. Rxf8+ Kxf8 36. Kd1 h5 37. Rh1 Rg3 38. Re1 Bg2 39. Rg1 Kg7 40. f4 Kg6 41. Re1 h4 42. Rg1 Kf5 43. Ke1 Kxf4 44. Kf2 h3 45. Re1 Re3 46. Rg1 Bf3 47. Rg3 Bxe2 48. Rxh3 Rxh3 49. Kxe2 Ke5 50. Kf2 Kd5 51. Ke2 Kc6 52. Kd2 Kb5 53. Ke2 Ka4 54. Kf2 Kb3 55. Kg2 Rxd3 56. Kf2 Re3 57. Kg2 c4 58. Kf2 c3 59. Kg2 c2 60. Kf2 c1=Q 61. Kg2 Qc2+ 62. Kf1 Qe2+ 63. Kg1 Rg3+ 64. Kh1 Qg2# {[%emt 0:00:01] (Lag: Av=0.57s, max=1.1s)} 0-1

[Event "Is Bankasi Online Satranc Turn 17-18 YAS"]
[Site "T#646243Mustafa Kemal"]
[Date "2020.05.22"]
[Round "7"]
[White "Mehmetkozak72"]
[Black "Ahmetay38"]
[Result "*"]
[WhiteElo "1344"]
[BlackElo "1447"]
[Annotator "NA RC"]
[PlyCount "31"]
[EventDate "2020.05.22"]
[EventType "swiss (blitz)"]
[TimeControl "180+2"]

1. e4 c6 2. f4 d5 3. e5 Bf5 4. Nf3 e6 5. d4 Qb6 6. Bd3 Bxd3 7. Qxd3 Nd7 8. O-O Ne7 9. b3 Ng6 10. f5 exf5 11. Qxf5 c5 12. Ng5 cxd4 13. Qxf7+ Kd8 14. Ne6+ Kc8 15. Qe8+ Qd8 16. Qxd8# {[%emt 0:00:01] (Lag: Av=0.48s, max=0.6s)} *